← All builds
Beach sea / Cortex / Economy first / OBSERVED BUILD

Standard beach sea

Cortex Beach sea build order · Supreme Isthmus

The role's usual play: com goes to sea to build a shipyard around 2 minutes, pumping frigates and destroyers to contest enemy sea entry or hold vision, with an advanced metal extractor around 10 minutes as the transition into the team's…

Usually shipyard first (94%)

#naval #eco · 812 distinct matches · 107 players · 84% of Cortex Beach sea games · team won 55% of 877 · Recently observed

HOW TO PLAY IT

Key timing: Shipyard by 1:57

  1. Open 3 mex and wind while com heads straight to sea.
  2. Drop Shipyard fast, before 2:00, to seize early sea presence.
  3. Push "frigate" out to contest enemy sea entry or hold vision.
  4. Add "destroyer" as the fleet grows.
  5. Transition into Advanced Metal Extractor to catch up on eco.

Phase by phase

TYPICAL OF ITS 812 GAMES
  1. 1
  2. 2
  3. 3
PLAY THE OPENING

Follow the example game's first 6:00 step by step: what to build now, what comes next, and where it goes. At 1× it keeps pace with your own game.

  1. 1

    Up to the Shipyard

    Economy
    • Metal Extractor3Mex
    • Wind Turbine3Windfor allies
    • Wind Turbine2Wind
    • Energy Storage1Energy storage
    Order
    1. ShipyardShipyard after 3 mex, 2 wind, 1 energy storagedone ~1:57, middle half 1:44–2:08

    By 1:41 in all: 3 mex · 2 wind · 1 energy storage

    The example game in this phase · 9 steps
    1. Mex ×3
    2. Wind ×4
    3. Bot LabBot Labdone 1:11
    4. Wind
    5. GraverobberGraverobber ×2
    6. Wind
    7. Construction BotCon bot ×3
    8. GruntGrunt
    9. ShipyardShipyarddone 2:47 · typical 1:57
  2. 2

    Shipyard to 5:00

    Economy
    • Metal Extractor5Mex
    • Tidal Generator2Tidal
    Builders
    • Construction Ship2 Con ship
    Army
    • Riptide2 Frigate
    • Herring1 Missile corvette
    • Oppressor1 Destroyer
    Other
    • Naval Radar / Sonar Tower1 Naval Radar / Sonar Tower

    Some games also: Urchin (43%) · wind (40%) · submarine (39%) · gunboat (36%) · con turret (35%)

    By 5:00 in all: 8 mex · 3 wind · 2 tidal · 1 energy storage

    The example game in this phase · 16 steps
    1. Mex
    2. Construction ShipCon ship ×2
    3. Mex
    4. OrcaSubmarinedone 3:39
    5. Mex
    6. RiptideFrigatedone 3:55 · typical 3:52
    7. Mex
    8. RiptideFrigate
    9. GuardGuard
    10. HerringMissile corvette
    11. Mex ×2
    12. Naval Radar / Sonar TowerNaval Radar / Sonar Tower
    13. ShipyardShipyarddone 5:00
    14. Wind
    15. GuardGuard
    16. Mex
  3. 3

    5:00 to 10:00

    Economy
    • Metal Extractor1Mex
    • Wind Turbine10Wind
    Builders
    • Death Cavalry1 Death Cavalry
    • Construction Ship1 Con ship
    Army
    • Urchin1 Urchin
    • Riptide5 Frigate
    • Oppressor2 Destroyer
    • Herring2 Missile corvette
    Other
    • Naval Radar / Sonar Tower1 Naval Radar / Sonar Tower

    Some games also: Naval Construction Turret (48%) · Guard (47%) · Radar Tower (41%) · tidal (38%) · con turret (34%)

    By 10:00 in all: 9 mex · 12 wind · 4 wind · 4 tidal · 1 energy storage · 1 Naval Construction Turret

    The example game in this phase · 158 steps
    1. OppressorDestroyerdone 5:23 · typical 5:11
    2. Wind
    3. GuardGuard
    4. RiptideFrigate
    5. Wind ×2
    6. RiptideFrigate
    7. Wind ×2
    8. RiptideFrigate
    9. Wind ×2
    10. Death CavalryDeath Cavalry
    11. Advanced Metal ExtractorT2 mexdone 7:34 · typical 9:58
    12. Wind
    13. Energy storage
    14. HerringMissile corvette
    15. Wind
    16. GuardGuard
    17. Wind
    18. RiptideFrigate
    19. GuardGuard
    20. RiptideFrigate
    21. Wind
    22. Advanced Metal ExtractorT2 mex
    23. Naval Construction Turret
    24. RiptideFrigate
    25. Con turret
    26. Naval Construction Turret
    27. Wind
    28. HerringMissile corvette
    29. Construction ShipCon ship
    30. Advanced Metal ExtractorT2 mex
    31. Wind ×2
    32. Mex
    33. Construction ShipCon ship
    34. Wind ×2
    35. Con turret
    36. Naval Construction Turret
    37. Wind
    38. Mex
    39. Wind ×2
    40. Naval Construction Turret
    41. Wind
    42. Advanced Metal ExtractorT2 mex
    43. Wind ×2
    44. Energy storage
    45. Wind
    46. Naval Construction Turret
    47. Death CavalryDeath Cavalry
    48. Wind ×2
    49. Naval Construction Turret
    50. Wind ×6
    51. Amphibious ComplexAmphibious Complexdone 10:53
    52. Wind ×2
    53. Tidal
    54. Wind
    55. Wind ×2
    56. Tidal
    57. Wind ×2
    58. Wind
    59. Naval Construction Turret
    60. SalamanderSalamander
    61. Tidal ×2
    62. Wind
    63. Wind
    64. Wind
    65. Tidal ×2
    66. Wind ×3
    67. Wind
    68. Tidal ×2
    69. Wind ×2
    70. SalamanderSalamander
    71. Tidal
    72. Wind
    73. Wind
    74. Tidal
    75. Wind
    76. Tidal
    77. Wind
    78. Tidal
    79. Wind
    80. SalamanderSalamander
    81. Tidal
    82. Advanced Metal ExtractorT2 mex
    83. Wind
    84. Wind
    85. Tidal ×2
    86. Wind
    87. Wind
    88. Tidal ×2
    89. SalamanderSalamander
    90. Wind
    91. Tidal
    92. Wind
    93. Tidal
    94. Wind
    95. SalamanderSalamander
    96. Wind
    97. Advanced Metal ExtractorT2 mex
    98. Wind
    99. Tidal ×2
    100. SalamanderSalamander
    101. Wind
    102. Tidal
    103. Wind
    104. Tidal ×2
    105. SalamanderSalamander
    106. Tidal
    107. Wind
    108. Wind
    109. Tidal
    110. SalamanderSalamander
    111. Wind
    112. Con turret
    113. Wind
    114. Wind
    115. SalamanderSalamander
    116. Naval Energy Storage
    117. Wind
    118. SalamanderSalamander
    119. Wind
    120. Wind
    121. Naval Construction Turret
    122. SalamanderSalamander
    123. Wind
    124. Naval Construction Turret
    125. Wind
    126. Wind
    127. Wind
    128. Con turret
    129. Wind
    130. SalamanderSalamander
    131. Wind
    132. Wind
    133. SalamanderSalamander
    134. Wind
    135. Con turret
    136. Wind
    137. Wind
    138. Advanced ShipyardAdvanced Shipyarddone 13:58
    139. Wind
    140. Con turret
    141. Wind
    142. Con turret
    143. Wind ×2
    144. Con turret
    145. Wind
    146. Converter
    147. Wind
    148. Converter
    149. Advanced Construction SubAdvanced Construction Sub
    150. Converter
    151. Wind
    152. Converter
    153. Wind
    154. Converter
    155. Wind
    156. Converter
    157. PathfinderPathfinder
    158. Converter

Counts are medians over the build's games: half of them build more, half fewer. The example game is avaken's (42 OS, 09/08/2026); pick another.

Team trades

IN AT LEAST 30% OF ITS GAMES

You hand over

  • Wind Turbine3 Wind to Airfirst at 1:52 · in 79% of games

You get

  • Finch1 Finch from Airfirst at 1:58 · in 82% of games
  • Lazarus1 Lazarus from Geofirst at 2:13 · in 62% of games
  • Hephaestus1 Heavy transport from Airfirst at 2:16 · in 68% of games
  • Construction Bot1 Con bot from Geofirst at 2:28 · in 69% of games
  • Hercules1 Light transport from Airfirst at 2:34 · in 32% of games
  • Advanced Construction Bot1 T2 con bot from Techfirst at 8:09 · in 88% of games

How it plays out

Typical game of this build, running totals by minute

Metal produced

010k20k30k
0:005:0010:0015:00

metal

Enemy metal destroyed

05k10k
0:005:0010:0015:00

metal

Own metal lost

02.5k5k7.5k
0:005:0010:0015:00

metal

877 games.

Show as table
ByMetal produced: This buildEnemy metal destroyed: This buildOwn metal lost: This build
1:0040300
2:0093700
3:00156800
4:0025312150
5:003701197100
6:005032534254
7:0064761096590
8:00807618331031
9:00968328541610
10:001159239942340
11:001382252133090
12:001635261643821
13:001911472004611
14:002195382755717
15:002492992706561
WHAT THE NUMBERS SAY

Standard Beach sea wins more than Geo sea's 50% and gets its Shipyard up faster, using early sea access before falling behind on land resources.

  • + Shipyard finishes by 1:57, faster than Geo sea's 3:18
  • + 54% team win rate beats the Cortex geo sea baseline
  • − Metal produced trails Geo sea's Cortex build, 24356 vs 28451 by 15:00
  • − T2 factory only lands in 35% of games by 12:42
THE EXAMPLE YOU ARE READING

avaken

41.8 OS · 09/08/2026

Open source match ↗

4 received units · includes a constructor
836 metal received · 69903 energy received

Allied construction assistance is unknown. Timings are observations, not a promise of solo reproducibility.

Typical milestones

Shipyard1:57Middle 50%: 1:44–2:08 · n=875
Riptide3:52Middle 50%: 3:16–4:34 · n=863
Oppressor5:11Middle 50%: 4:16–6:08 · n=848
Advanced Metal Extractor9:58Middle 50%: 9:16–10:53 · n=743

Played most by

EpicTyrannus85games of this buildDamsko67games of this buildWaboum64games of this buildPRO_HYDRA60games of this buildMrCoolPotato51games of this build